Urist, neutral female gnomish Tourist --------------------------------- -------- #................................| |......| ###|.----....-----.----+-- ----- | |..<...| # |.| ----.|...|.-(.| |......| ### |.| |.|.f.@a|..| ---.-.-- # |.-+-- |.|...|a---- ### ### |....| |.|.@.|@. # # |.{..-+--.----|.... #### # |..........+ -+--.- # # # |....-+--..| . #### # |.-+-- |.-- -- ---|---# |.| |.| |......# |.| -.+ |.....|## .| .| |.....| |.- .- |.....| |. . ------- --- --- Urist the Sightseer Experience level: 4 Strength: 13 Dexterity: 13 Constitution: 17 Intelligence: 11 Wisdom: 8 Charisma: 13 Health: 0(29) Energy: 16(16) Def: 5 Gold: 1056 Moves: 2099 Dungeon seed: SYZzSuS-1uThJu09 Game ID: Urist_1450274127 Your Inventory: Coins $ - 1056 gold pieces Weapons a - 38 +2 darts (in quiver) n - a +2 aklys (alternate weapon; not wielded) x - 13 +0 darts G - a +0 elven dagger (weapon in hand) W - a +0 dagger Armor b - a cursed -1 pair of iron shoes e - a blessed +0 Hawaiian shirt (being worn) H - an uncursed +0 elven mithril-coat (being worn) J - a cursed -2 pair of fumble boots X - an uncursed +0 dwarvish cloak Y - an uncursed +0 dwarvish cloak (being worn) Z - a cursed -3 pair of iron shoes Comestibles c - 4 uncursed cream pies d - 5 uncursed food rations f - an uncursed candy bar w - 3 uncursed figues K - an uncursed cram ration Scrolls h - an uncursed scroll of magic mapping i - a blessed scroll of magic mapping p - an uncursed scroll of identify I - an uncursed scroll of fire Potions g - 2 uncursed potions of extra healing r - a blessed potion of restore ability u - 2 uncursed potions of sickness v - an uncursed potion of levitation F - an uncursed potion of acid Wands l - a wand of secret door detection (0:11) Tools j - an expensive camera (0:57) k - a +0 pick-axe m - an uncursed tin opener o - an uncursed lock pick s - an uncursed skeleton key t - an uncursed credit card D - a fire horn (0:5) Gems q - 2 uncursed worthless pieces of blue glass y - 3 uncursed worthless pieces of black glass z - 4 uncursed flint stones B - an uncursed worthless piece of yellowish brown glass L - an uncursed chrysoberyl stone N - an uncursed worthless piece of yellow glass Spells and supernatural/magical abilities: Name Level Category Fail Memory W - pray for help -- divine ? -- Your skills at the end: Miscellaneous Skills wands [Basic] Weapon Skills club [Basic] dart [Basic] Spellcasting Skills Final Attributes: You were devoutly aligned. You had infravision. You are dead. Vanquished creatures: a shrieker a floating eye 2 dwarves an iguana a rothe 3 orc zombies a coyote a hobbit 3 geckos a brown mold a yellow mold a green mold a gnome zombie 3 jackals 3 foxes a kobold 8 newts a goblin 2 sewer rats 7 grid bugs 4 lichens 47 creatures vanquished. Voluntary challenges: You did not adorn yourself with jewelry or accessories. You had been an atheist until turn 2087. You used a wielded weapon 31 times, starting on turn 640. You did not apply a unicorn horn. You read items or engraved 5 times, starting on turn 1763. You never genocided any monsters. You never polymorphed an object. You never changed form. You used no wishes. You never split a pudding. You wrote Elbereth's name 3 times, starting on turn 2025. You never violated your personal moral code. Dungeon overview: The Dungeons of Doom: levels 1 to 4 Level 1 a long staircase Level 2 portal to Advent Calendar Level 3 a fountain Level 4 a potion shop, a fountain stairs to The Gnomish Mines The Gnomish Mines: levels 5 to 8 Level 5 stairs to The Dungeons of Doom Level 6 Level 7 Level 8 <- You were here a temple to The Lady, a magic chest, a fountain Advent Calendar: Level 5 many trees portal to The Dungeons of Doom History has recorded: On T:1 you entered the Dungeons of Doom to retrieve the Amulet of Yendor! On T:108 you reached level 2 of The Dungeons of Doom. On T:825 you reached level 1 of Advent Calendar. On T:890 you advanced to experience level 2. On T:1087 you reached level 3 of The Dungeons of Doom. On T:1164 you reached level 4 of The Dungeons of Doom. On T:1501 you advanced to experience level 3. On T:1513 you reached level 1 of The Gnomish Mines. On T:1762 you reached level 2 of The Gnomish Mines. On T:1818 you advanced to experience level 4. On T:1937 you reached level 3 of The Gnomish Mines. On T:1977 you reached level 4 of The Gnomish Mines. On T:2074 you entered the Minetown temple Score breakdown: Gold: 403 ( 40 points) Experience: 4 levels ( 300 points) Exploration: 8 levels ( 210 points) Discoveries: 1 item ( 50 points) Variety of kills: 21 monsters ( 1050 points) Major goal: reached Minetown ( 500 points) Survival: died (score multiplied by 3) Total score: 6450 Latest messages: K - an uncursed cram ration. w - 3 uncursed figues. p - an uncursed scroll labeled HACKEM MUCHE. I - an uncursed scroll labeled VELOX NEB. r - a blessed bubbly potion. v - an uncursed dark green potion. F - an uncursed magenta potion. u - 2 uncursed white potions. D - an uncursed fire horn. s - an uncursed key. o - an uncursed lock pick. You have a little trouble lifting k - an uncursed pick-axe. You have a little trouble lifting y - 3 uncursed black gems. You have a little trouble lifting q - 2 uncursed blue gems. You have a little trouble lifting z - 4 uncursed gray stones. You have a little trouble lifting N - an uncursed yellow gem. You have a little trouble lifting L - an uncursed yellow gem. You have a little trouble lifting B - an uncursed yellowish brown gem. Your movements are slowed slightly because of your load. The soldier ant bites! The soldier ant stings! The giant beetle bites! You die... Final status: Aloha Urist the Tourist, killed by a giant beetle... You died in The Gnomish Mines on dungeon level 8 with 6450 points, and 1056 pieces of gold, after 2099 moves. You were level 4 with a maximum of 29 hit points when you died.